EVO
UNIVERSITY OF NORTH CAROLINA AT CHAPEL HILL TAR HEELS @ UCLA BRUINS
11/18/2047
 
TOP OF THE 1ST
Vanderbilt University Commodores batting - Pitching for University of South Carolina Gamecocks : LHP Tara Kawashima
Pitching: LHP Tara Kawashima
Batting: RHB Gary Smith 0-0: Foul Ball, location: 2F
0-1: Fly out, F8 (Flyball, 8LXD, EV 104.4 MPH)
Batting: RHB Esteban Acuna 0-0: Ball
1-0: Foul Ball, location: 2F
1-1: Called Strike
1-2: Fly out, F5 (Line Drive, 5, EV 75.6 MPH)
Batting: LHB Pete Mitchell 0-0: Called Strike
0-1: Called Strike
0-2: Ball
1-2: Foul Ball, location: 2F
1-2: Ball
2-2: Ball
3-2: Foul Ball, location: 2F
3-2: DOUBLE (Flyball, 8RXD, EV 97.5 MPH)
Batting: RHB Luis Jara 0-0: Ball
1-0: Called Strike
1-1: Foul Ball, location: 2F
1-2: Strikes out swinging
Top of the 1st over - 0 runs, 1 hit, 0 errors, 1 left on base; Vanderbilt University 0 - University of South Carolina 0
BOTTOM OF THE 1ST
University of South Carolina Gamecocks batting - Pitching for Vanderbilt University Commodores : RHP Gabriel Marsh
Pitching: RHP Gabriel Marsh
Batting: RHB Jim Smallwood 0-0: Ground out 2-3 (Groundball, 15S, EV 67.5 MPH)
Batting: RHB Emanuel Estrada 0-0: Ball
1-0: Called Strike
1-1: Ground out U3 (Groundball, 13, EV 85.0 MPH)
Batting: RHB Colin Morris 0-0: Ball
1-0: Called Strike
1-1: Ball
2-1: Ball
3-1: Base on Balls
Batting: RHB Danny Rodriguez 0-0: Foul Ball, location: 2F
0-1: DOUBLE (Line Drive, 89M, EV 92.5 MPH)
Colin Morris to third
Runner from 3rd tries for Home, SAFE, throw by RF to trailing runner, SAFE at third!
Batting: RHB Christopher Arnett 0-0: Ball
1-0: Ball
2-0: Swinging Strike
2-1: Foul Ball, location: 2F
2-2: Fly out, F6 (Popup, 6, EV 67.5 MPH)
Bottom of the 1st over - 1 run, 1 hit, 0 errors, 1 left on base; Vanderbilt University 0 - University of South Carolina 1
TOP OF THE 2ND
Vanderbilt University Commodores batting - Pitching for University of South Carolina Gamecocks : LHP Tara Kawashima
Batting: LHB Jose Diaz 0-0: Called Strike
0-1: Ball
1-1: Called Strike
1-2: Ball
2-2: Ground out 6-3 (Groundball, 6, EV 107.5 MPH)
Batting: LHB Raul Aldaz 0-0: Called Strike
0-1: Ball
1-1: Ball
2-1: Ball
3-1: Foul Ball, location: 2F
3-2: Foul Ball, location: 2F
3-2: Base on Balls
Batting: LHB Mario Garza 0-0: SINGLE (Groundball, 6MD, EV 96.9 MPH)
Raul Aldaz to second
Runner from 2nd tries for 3rd, SAFE, no throw by CF
Batting: SHB Felipe Campanella 0-0: Ball
1-0: Ball
2-0: Fly out, F7 (Flyball, 78M, EV 78.8 MPH)
Runner from 3rd tags up, SCORES, throw by LF
Batting: RHB Harry Torres 0-0: Ball
1-0: SINGLE (Groundball, 3D, EV 106.2 MPH)
Mario Garza to second
Runner from 2nd tries for 3rd, SAFE, no throw by RF
Batting: RHB Gary Smith 0-0: Ball
1-0: Foul Ball, location: 2F
1-1: Ball
2-1: DOUBLE (Flyball, 8RXD, EV 104.4 MPH)
Mario Garza scores
Harry Torres to third
Batting: RHB Esteban Acuna 0-0: Ball
1-0: Ball
2-0: Foul Ball, location: 2F
2-1: Swinging Strike
2-2: Foul Ball, location: 2F
2-2: Ball
3-2: Strikes out swinging
Top of the 2nd over - 2 runs, 3 hits, 0 errors, 2 left on base; Vanderbilt University 2 - University of South Carolina 1
BOTTOM OF THE 2ND
University of South Carolina Gamecocks batting - Pitching for Vanderbilt University Commodores : RHP Gabriel Marsh
Batting: LHB Bruce Daley 0-0: Ball
1-0: Ball
2-0: Swinging Strike
2-1: Foul Ball, location: 2F
2-2: Strikes out swinging
Batting: LHB Alex Vazquez 0-0: Foul Ball, location: 2F
0-1: Called Strike
0-2: Strikes out swinging
Batting: RHB Pablo Henriquez 0-0: Called Strike
0-1: Ball
1-1: Ball
2-1: Ball
3-1: SINGLE (Groundball, 6MD, EV 101.2 MPH)
Batting: LHB John Harvey 0-0: SINGLE (Line Drive, 4MD, EV 96.9 MPH)
Pablo Henriquez to second
Runner from 2nd tries for 3rd, SAFE, no throw by CF
Batting: RHB Jim Smallwood 0-0: Ball
1-0: Called Strike
1-1: Ground out 5-3 (Groundball, 56, EV 103.8 MPH)
Bottom of the 2nd over - 0 runs, 2 hits, 0 errors, 2 left on base; Vanderbilt University 2 - University of South Carolina 1
TOP OF THE 3RD
Vanderbilt University Commodores batting - Pitching for University of South Carolina Gamecocks : LHP Tara Kawashima
Batting: LHB Pete Mitchell 0-0: Foul Ball, location: 2F
0-1: Fly out, F6 (Line Drive, 6, EV 63.8 MPH)
Batting: RHB Luis Jara 0-0: Called Strike
0-1: Ball
1-1: Ball
2-1: Ball
3-1: Base on Balls
Batting: LHB Jose Diaz 0-0: Called Strike
0-1: Ball
1-1: Ball
2-1: SINGLE (Line Drive, 6D, EV 88.1 MPH)
Luis Jara to second
Batting: LHB Raul Aldaz 0-0: Ball
1-0: Called Strike
1-1: Swinging Strike
1-2: Fielders Choice at 2nd, 4-6 (Groundball, 4, EV 87.5 MPH)
Luis Jara to third
Batting: LHB Mario Garza 0-0: Called Strike
0-1: Called Strike
0-2: Foul Ball, location: 2F
0-2: Ball
1-2: Ground out 4-3 (Groundball, 4, EV 80.6 MPH)
Top of the 3rd over - 0 runs, 1 hit, 0 errors, 2 left on base; Vanderbilt University 2 - University of South Carolina 1
BOTTOM OF THE 3RD
University of South Carolina Gamecocks batting - Pitching for Vanderbilt University Commodores : RHP Gabriel Marsh
Batting: RHB Emanuel Estrada 0-0: Ball
1-0: Fly out, F9 (Flyball, 9, EV 88.1 MPH)
Batting: RHB Colin Morris 0-0: Ball
1-0: Ball
2-0: Called Strike
2-1: Foul Ball, location: 2F
2-2: Foul Ball, location: 2F
2-2: Strikes out swinging
Batting: RHB Danny Rodriguez 0-0: Foul Ball, location: 2F
0-1: Foul Ball, location: 2F
0-2: Fly out, F7 (Flyball, 7LS, EV 86.9 MPH)
Bottom of the 3rd over - 0 runs, 0 hits, 0 errors, 0 left on base; Vanderbilt University 2 - University of South Carolina 1
TOP OF THE 4TH
Vanderbilt University Commodores batting - Pitching for University of South Carolina Gamecocks : LHP Tara Kawashima
Batting: SHB Felipe Campanella 0-0: Ball
1-0: Swinging Strike
1-1: Ball
2-1: Ball
3-1: Foul Ball, location: 2F
3-2: Foul Ball, location: 2F
3-2: Ground out 1-3 (Groundball, 15S, EV 68.8 MPH)
Batting: RHB Harry Torres 0-0: Ball
1-0: Foul Ball, location: 2F
1-1: Foul Ball, location: 2F
1-2: Ball
2-2: Ball
3-2: Foul Ball, location: 2F
3-2: Fly out, F9 (Flyball, 9, EV 86.9 MPH)
Batting: RHB Gary Smith 0-0: Called Strike
0-1: Ball
1-1: Foul Ball, location: 2F
1-2: Foul Ball, location: 2F
1-2: Fly out, F8 (Flyball, 8LD, EV 90.6 MPH)
Top of the 4th over - 0 runs, 0 hits, 0 errors, 0 left on base; Vanderbilt University 2 - University of South Carolina 1
BOTTOM OF THE 4TH
University of South Carolina Gamecocks batting - Pitching for Vanderbilt University Commodores : RHP Gabriel Marsh
Batting: RHB Christopher Arnett 0-0: Ball
1-0: Ball
2-0: Called Strike
2-1: Ball
3-1: Fly out, F8 (Flyball, 8RM, EV 80.0 MPH)
Batting: LHB Bruce Daley 0-0: Ball
1-0: Called Strike
1-1: Fly out, F7 (Flyball, 7LM, EV 87.5 MPH)
Batting: LHB Alex Vazquez 0-0: DOUBLE (Groundball, 3L, EV 93.8 MPH)
Batting: RHB Pablo Henriquez 0-0: Fly out, F9 (Line Drive, 9, EV 93.8 MPH)
Bottom of the 4th over - 0 runs, 1 hit, 0 errors, 1 left on base; Vanderbilt University 2 - University of South Carolina 1
TOP OF THE 5TH
Vanderbilt University Commodores batting - Pitching for University of South Carolina Gamecocks : LHP Tara Kawashima
Pitching: RHP Elijah McKay
Batting: RHB Esteban Acuna 0-0: Ball
1-0: Ball
2-0: Fly out, F1 (Line Drive, P, EV 66.9 MPH)
Batting: LHB Pete Mitchell 0-0: Ground out 6-3 (Groundball, 6, EV 80.6 MPH)
Batting: RHB Luis Jara 0-0: Ball
1-0: Ball
2-0: Fly out, F8 (Flyball, 8RS, EV 78.8 MPH)
Top of the 5th over - 0 runs, 0 hits, 0 errors, 0 left on base; Vanderbilt University 2 - University of South Carolina 1
BOTTOM OF THE 5TH
University of South Carolina Gamecocks batting - Pitching for Vanderbilt University Commodores : RHP Gabriel Marsh
Batting: LHB John Harvey 0-0: Called Strike
0-1: Ball
1-1: Ball
2-1: Ball
3-1: Called Strike
3-2: Fly out, F8 (Line Drive, 8LM, EV 91.2 MPH)
Batting: RHB Jim Smallwood 0-0: Foul Ball, location: 2F
0-1: Ball
1-1: Ball
2-1: Ball
3-1: SINGLE (Groundball, 5S, EV 68.8 MPH) (infield hit)
Batting: RHB Emanuel Estrada 0-0: Ground out 4-3 (Groundball, 34, EV 87.5 MPH)
Jim Smallwood to second
Batting: RHB Colin Morris 0-0: Ball
1-0: Ground out 1-3 (Groundball, 15S, EV 69.4 MPH)
Bottom of the 5th over - 0 runs, 1 hit, 0 errors, 1 left on base; Vanderbilt University 2 - University of South Carolina 1
TOP OF THE 6TH
Vanderbilt University Commodores batting - Pitching for University of South Carolina Gamecocks : RHP Elijah McKay
Batting: LHB Jose Diaz 0-0: Ball
1-0: Fly out, F9 (Flyball, 9, EV 75.0 MPH)
Batting: LHB Raul Aldaz 0-0: Foul Ball, location: 2F
0-1: Ball
1-1: TRIPLE (Line Drive, 7LD, EV 103.8 MPH)
Batting: LHB Mario Garza 0-0: Ball
1-0: Ball
2-0: Foul Ball, location: 2F
2-1: Swinging Strike
2-2: Ball
Wild Pitch!
Raul Aldaz scores
3-2: Foul Ball, location: 2F
3-2: Strikes out swinging
Batting: SHB Felipe Campanella 0-0: Fly out, F7 (Flyball, 7S, EV 75.6 MPH)
Top of the 6th over - 1 run, 1 hit, 0 errors, 0 left on base; Vanderbilt University 3 - University of South Carolina 1
BOTTOM OF THE 6TH
University of South Carolina Gamecocks batting - Pitching for Vanderbilt University Commodores : RHP Gabriel Marsh
Batting: RHB Danny Rodriguez 0-0: Ground out 2-3 (Groundball, 15S, EV 64.4 MPH)
Batting: RHB Christopher Arnett 0-0: Ball
1-0: Ball
2-0: Foul Ball, location: 2F
2-1: SINGLE (Groundball, 56D, EV 104.4 MPH)
Batting: LHB Bruce Daley 0-0: Called Strike
0-1: SINGLE (Groundball, 34D, EV 108.8 MPH)
Christopher Arnett to second
Batting: LHB Alex Vazquez 0-0: Fly out, F8 (Flyball, 8RD, EV 87.5 MPH)
Batting: RHB Pablo Henriquez 0-0: Ground out 3-1 (Groundball, 34, EV 103.1 MPH)
Bottom of the 6th over - 0 runs, 2 hits, 0 errors, 2 left on base; Vanderbilt University 3 - University of South Carolina 1
TOP OF THE 7TH
Vanderbilt University Commodores batting - Pitching for University of South Carolina Gamecocks : RHP Elijah McKay
Pitching: RHP Francisco Landin
Batting: RHB Harry Torres 0-0: Ground out 4-3 (Groundball, 4, EV 103.1 MPH)
Batting: RHB Gary Smith 0-0: Ball
1-0: Ball
2-0: Called Strike
2-1: Ball
3-1: Called Strike
3-2: Foul Ball, location: 2F
3-2: Fly out, F9 (Flyball, 9S, EV 90.0 MPH)
Pinch Hitting: RHB Alex Diaz 0-0: Called Strike
0-1: Ball
1-1: Foul Ball, location: 2F
1-2: Ball
2-2: Ball
3-2: Base on Balls
Batting: LHB Pete Mitchell 0-0: Ball
1-0: 2-RUN HOME RUN (Flyball, 9D, EV 91.2 MPH), Distance : 363 ft
Batting: RHB Luis Jara 0-0: Ball
1-0: Called Strike
1-1: Foul Ball, location: 2F
1-2: Foul Ball, location: 2F
1-2: Ball
2-2: Strikes out swinging
Top of the 7th over - 2 runs, 1 hit, 0 errors, 0 left on base; Vanderbilt University 5 - University of South Carolina 1
BOTTOM OF THE 7TH
University of South Carolina Gamecocks batting - Pitching for Vanderbilt University Commodores : RHP Gabriel Marsh
Now at 2B: Nate Greening
Batting: LHB John Harvey 0-0: Called Strike
0-1: Ball
1-1: Swinging Strike
1-2: SINGLE (Line Drive, 9LS, EV 96.2 MPH)
Pitching: RHP Craig Wayne
Batting: RHB Jim Smallwood 0-0: Ground out 5-3 (Groundball, 56S, EV 73.1 MPH)
John Harvey to second
Batting: RHB Emanuel Estrada 0-0: Called Strike
0-1: Swinging Strike
0-2: Fly out, F3 (Popup, 3S, EV 78.8 MPH)
Batting: RHB Colin Morris 0-0: Ball
1-0: Foul Ball, location: 2F
1-1: Swinging Strike
1-2: Ball
2-2: Ball
3-2: Base on Balls
Batting: RHB Danny Rodriguez 0-0: Ball
1-0: Ball
2-0: Fielders Choice at 2nd, 6-4 (Groundball, 6, EV 108.8 MPH)
Bottom of the 7th over - 0 runs, 1 hit, 0 errors, 2 left on base; Vanderbilt University 5 - University of South Carolina 1
TOP OF THE 8TH
Vanderbilt University Commodores batting - Pitching for University of South Carolina Gamecocks : RHP Francisco Landin
Pitching: RHP Silvian Mans
Batting: LHB Jose Diaz 0-0: Ball
1-0: Ball
2-0: Called Strike
2-1: SINGLE (Groundball, 5D, EV 105.0 MPH)
Batting: LHB Raul Aldaz 0-0: Sac Bunt to 13 - play at first, batter OUT! 1-3
Jose Diaz to second
Batting: LHB Mario Garza 0-0: Called Strike
0-1: Foul Ball, location: 2F
0-2: Ball
1-2: Foul Ball, location: 2F
1-2: Foul Ball, location: 2F
1-2: Ground out 5-3 (Groundball, 5L, EV 83.1 MPH)
Batting: SHB Felipe Campanella 0-0: Fly out, F8 (Flyball, 8LD, EV 91.2 MPH)
Top of the 8th over - 0 runs, 1 hit, 0 errors, 1 left on base; Vanderbilt University 5 - University of South Carolina 1
BOTTOM OF THE 8TH
University of South Carolina Gamecocks batting - Pitching for Vanderbilt University Commodores : RHP Craig Wayne
Batting: RHB Christopher Arnett 0-0: Ground out 6-3 (Groundball, 56, EV 85.6 MPH)
Batting: LHB Bruce Daley 0-0: Ball
1-0: Ball
2-0: Swinging Strike
2-1: Ball
3-1: Foul Ball, location: 2F
3-2: Foul Ball, location: 2F
3-2: Foul Ball, location: 2F
3-2: Base on Balls
Batting: LHB Alex Vazquez 0-0: Ball
1-0: Swinging Strike
1-1: 2-RUN HOME RUN (Flyball, 78XD, EV 105.6 MPH), Distance : 430 ft
Pinch Hitting: LHB Jose Mafano 0-0: Foul Ball, location: 2F
0-1: SINGLE (Line Drive, 6M, EV 99.4 MPH)
Pitching: LHP Kyle McGuire
Batting: LHB John Harvey 0-0: Swinging Strike
0-1: Ball
1-1: Ball
2-1: Fly out, F9 (Line Drive, 9, EV 89.4 MPH)
Pinch Hitting: RHB Mike Chiquete 0-0: Foul Ball, location: 2F
0-1: Ground out 4-3 (Groundball, 4, EV 81.2 MPH)
Bottom of the 8th over - 2 runs, 2 hits, 0 errors, 1 left on base; Vanderbilt University 5 - University of South Carolina 3
TOP OF THE 9TH
Vanderbilt University Commodores batting - Pitching for University of South Carolina Gamecocks : RHP Silvian Mans
Now at 2B: John Harvey
Now at SS: Mike Chiquete
Now in RF: Jose Mafano
Pinch Hitting: RHB Pakiana Kileona 0-0: Foul Ball, location: 2F
0-1: Ball
1-1: Called Strike
1-2: Ball
2-2: Ball
3-2: SINGLE (Flyball, 78M, EV 80.0 MPH)
Batting: RHB Gary Smith 0-0: Foul Ball, location: 2F
0-1: SINGLE (Line Drive, 6D, EV 100.0 MPH)
Pakiana Kileona to second
Batting: LHB Nate Greening 0-0: Sac Bunt to 5S - play at first, batter safe!
Pakiana Kileona to third
Gary Smith to second
Batting: LHB Pete Mitchell 0-0: Ball
1-0: Fly out, F9 (Line Drive, 9S, EV 90.0 MPH)
Batting: RHB Luis Jara 0-0: Ball
1-0: Ball
2-0: Fly out, F7 (Flyball, 7LM, EV 105.0 MPH)
Runner from 3rd tags up, SCORES, throw by LF
Pitching: LHP Josh Schmidt
Batting: LHB Jose Diaz 0-0: Ball
1-0: Called Strike
1-1: Ball
2-1: Fly out, F6 (Popup, 6MD, EV 46.9 MPH)
Top of the 9th over - 1 run, 3 hits, 0 errors, 2 left on base; Vanderbilt University 6 - University of South Carolina 3
BOTTOM OF THE 9TH
University of South Carolina Gamecocks batting - Pitching for Vanderbilt University Commodores : LHP Kyle McGuire
Pitching: RHP Tyler Patel
Now at C: Pakiana Kileona
Pinch Hitting: RHB Carlos Viera 0-0: Fly out, F8 (Flyball, 8RM, EV 96.9 MPH)
Batting: RHB Colin Morris 0-0: Called Strike
0-1: Ball
1-1: Ball
2-1: Called Strike
2-2: Fly out, F7 (Flyball, 7LS, EV 86.9 MPH)
Batting: RHB Danny Rodriguez 0-0: Called Strike
0-1: Ball
1-1: Called Strike
1-2: SOLO HOME RUN (Flyball, 7D, EV 96.2 MPH), Distance : 390 ft
Pinch Hitting: RHB Mark Squires 0-0: Ball
1-0: Ball
2-0: Swinging Strike
2-1: Called Strike
2-2: Ball
3-2: Foul Ball, location: 2F
3-2: Base on Balls
Batting: LHB Bruce Daley 0-0: Ball
Wild Pitch!
Mark Squires to second
1-0: Swinging Strike
1-1: Foul Ball, location: 2F
1-2: Foul Ball, location: 2F
1-2: Ball
2-2: Ball
3-2: Foul Ball, location: 2F
3-2: Foul Ball, location: 2F
3-2: Ground out U3 (Groundball, 3, EV 80.6 MPH)
Bottom of the 9th over - 1 run, 1 hit, 0 errors, 1 left on base; Vanderbilt University 6 - University of South Carolina 4
Thursday, December 15th , 2022 - OOTP Baseball 23.9 Build 102